 Dungeon Crawl Stone Soup version 0.22-a0-619-ga0c6fd2 (webtiles) character file.

19 Amnesiac the Magician (level 2, -2/19 HPs)
             Began as a Mummy Wizard on July 14, 2018.
             Slain by Grinder (7 damage)
             ... while paralysed by Grinder
             ... on level 3 of the Dungeon.
             The game lasted 00:02:16 (1282 turns).

Amnesiac the Magician (Mummy Wizard)                Turns: 1282, Time: 00:02:16

Health: -2/19      AC:  2    Str: 10    XL:     2   Next: 55%
Magic:  7/7        EV:  2    Int: 17    God:
Gold:   103        SH:  0    Dex: 10    Spells: 8/9 levels left

rFire    x . .     SeeInvis .   b - +0 hunting sling
rCold    + . .     Gourm    .   (no shield)
rNeg     + + +     Faith    .   e - +0 robe
rPois    ∞         Spirit   .   (no helmet)
rElec    .         Reflect  .   (no cloak)
rCorr    .         Harm     .   (no gloves)
MR       .....                  (no boots)
Stlth    ++........             (no amulet)
HPRegen  0.06/turn              (no ring)
MPRegen  0.10/turn              (no ring)

@: paralysed
A: no food or potions, fire vulnerability, cold resistance 1, negative energy
resistance 3, torment resistance, unbreathing
a: no special abilities


You were on level 3 of the Dungeon.
You were not hungry.

You visited 1 branch of the dungeon, and saw 3 of its levels.

You collected 103 gold pieces.

Inventory:

Hand Weapons
 a - a +0 mace
 b - a +0 hunting sling (weapon)
 i - a +0 dagger
Missiles
 d - 5 stones
 h - 8 sling bullets (quivered)
Armour
 e - a +0 robe (worn)
 k - a +0 shield
Scrolls
 c - a scroll of identify {!r, unknown}
 f - a scroll of enchant armour {!r, unknown}
 g - 3 scrolls of remove curse {!r, unknown}
 j - a scroll of amnesia {!r, unknown}
 l - a scroll of teleportation {!r, unknown}
 m - a scroll of enchant weapon {!r, unknown}
 n - a scroll of fear {!r, unknown}


   Skills:
 - Level 1.5 Dodging
 - Level 1.5 Stealth
 - Level 4.0 Spellcasting
 + Level 2.1 Conjurations
   Level 0.7 Summonings
   Level 0.7 Translocations


You had 8 spell levels left.
You knew the following spells:

 Your Spells              Type           Power        Failure   Level  Hunger
a - Magic Dart            Conj           ##..         6%          1    N/A

Your spell library contained the following spells:

 Spells                   Type           Power        Failure   Level  Hunger
 Conjure Flame            Conj/Fire      #.......     30%         3    N/A
 Slow                     Hex            #.......     24%         2    N/A
 Mephitic Cloud           Conj/Pois/Air  #.......     34%         3    N/A
 Blink                    Tloc           N/A          19%         2    N/A
 Call Imp                 Summ           #.......     19%         2    N/A

Dungeon Overview and Level Annotations

Branches:
Dungeon (3/15)

Altars:
Ashenzari

Annotations:
D:3 Grinder


Innate Abilities, Weirdness & Mutations

You do not eat or drink.
Your flesh is vulnerable to fire.
You are immune to poison.
Your flesh is cold resistant. (rC+)
You are immune to negative energy. (rN+++)
You are immune to unholy pain and torment.
You can survive without breathing.


Message History

Grinder gestures at you. You resist with significant effort.
There is a stone staircase leading up here.
You climb upwards.
There is a stone staircase leading down here.
You start resting.
HP restored.
There is a stone staircase leading up here.
You climb upwards.
There is a stone staircase leading down here.
You climb downwards.
There is a stone staircase leading up here.
There is a stone staircase leading down here.
There is a stone staircase leading up here.
You climb upwards.
Found a scroll labeled BEYF ZEKHLOWIX, 10 gold pieces and a chain mail.
There is a stone staircase leading down here.
l - a scroll labeled BEYF ZEKHLOWIX {!r} You now have 86 gold pieces (gained 10).
Found 17 gold pieces.
m - a scroll labeled TANAIH ETAWK {!r}
n - a scroll labeled IRYXTA KEPN {!r} A hobgoblin comes into view.
It is wielding a club.
You now have 103 gold pieces (gained 17).
There is a stone staircase leading down here.
You climb downwards.
There is a stone staircase leading up here.
There is an open door here.
You see here a pink potion {!q}.
There is an open door here.
You see here a rapier.
You see here a +0 hat.
There is a stone staircase leading down here.
You see here 21 poisoned needles.
You see here a bat skeleton.
There is a stone staircase leading down here.
You climb downwards.
Level annotation: Grinder Grinder gestures at you.
You suddenly lose the ability to move!
Grinder gestures at you.
You shrug off the repeated paralysis!
Grinder hits you. x2
The kobold hits you but does no damage. Grinder hits you.
* * * LOW HITPOINT WARNING * * *
The kobold hits you with a dagger.
* * * LOW HITPOINT WARNING * * *
You can move again.
There is a stone staircase leading up here.
Unknown command.
Unknown command.
The kobold throws a stone.
The stone completely misses you.
You see here a stone.
You see here a mace.
There is a stone staircase leading up here.
Grinder gestures at you.
You suddenly lose the ability to move!
Grinder hits you.
* * * LOW HITPOINT WARNING * * *
The kobold hits you with a dagger.
* * * LOW HITPOINT WARNING * * *
Grinder hits you!
You die...

..........##.##.##
####.####......#.##
#.#####.###.##.###
####.##....# #.###..#
#.......##.###.##...######
#.##.##.##.....#...........
#.##.##.####...............
#.##.......#.....#########.
#.##.##.##.#....@########
#÷##.##.......#K5........
#.##.........##..#.######
...#.##...<(.)...##.#
.......#.#..##..## #.#
.(.#.%......#.#...# #.#
''####.#.##.##.##.# ## ..#
#...##.### .# ... #...##.#
.


You could see Grinder and a kobold.

Vanquished Creatures
  An adder (D:3)
  A worm (D:2)
  A leopard gecko (D:2)
  A goblin (D:3)
  A bat (D:2)
  3 kobolds (D:2)
  A rat (D:2)
9 creatures vanquished.

Vanquished Creatures (others)
  11 toadstools (D:3)
11 creatures vanquished.

Grand Total: 20 creatures vanquished

Notes
Turn   | Place    | Note
-------+----------+-------------------------------------------
     0 | D:1      | Amnesiac the Mummy Wizard began the quest for the Orb.
     0 | D:1      | Reached XP level 1. HP: 13/13 MP: 5/5
   144 | D:2      | Found a shattered altar of Ashenzari.
   234 | D:2      | Reached skill level 1 in Conjurations
   349 | D:3      | Noticed Grinder
   749 | D:2      | Reached XP level 2. HP: 19/19 MP: 7/7
  1266 | D:3      | Paralysed by Grinder for 7 turns
  1280 | D:3      | Paralysed by Grinder for 7 turns
  1282 | D:3      | Slain by Grinder

Vault maps used:
D:1:      dpeg_arrival_stonehenge_8_columns, moated_statue, minivault_14
D:2:      lemuel_round_altar, first_ration
D:3:      cheibrodos_fertilizer, bloody_trog, uniq_grinder

Skill      XL: |  1  2 |
---------------+-------+-----
Conjurations   | 1 2 |  2.1
Dodging        | |  1.5
Stealth        | |  1.5
Spellcasting   | |  4.0
Summonings     | |  0.7
Translocations | |  0.7

Action                   || total
-------------------------++-------
 Fire: Hunting sling     ||    23
 Cast: Magic Dart        ||    13
Armor: Robe              ||     2
Dodge: Dodged            ||    11

Table legend:
 A = Spawn XP
 B = Non-spawn XP
 C = Spawn XP percentage of total XP
 D = Spawn monster count
 E = Non-spawn monster count
 F = Spawn count percentage of total count
 G = Total turns spent on level
                    A         B        C        D         E        F      G
               +---------+---------+-------+---------+---------+-------+---------
         Total |       0 |      28 |   0.0 |       0 |       9 |   0.0 |  1282
               +---------+---------+-------+---------+---------+-------+---------
           D:2 |       0 |      13 |   0.0 |       0 |       7 |   0.0 |   876
           D:3 |       0 |      15 |   0.0 |       0 |       2 |   0.0 |   341
               +---------+---------+-------+---------+---------+-------+---------
